 Dungeon Crawl Stone Soup version 0.22-a0-422-g9628fc87f1 (webtiles) character file.

162 dleb1993 the Magician (level 5, -15/36 HPs)
             Began as a Mummy Fire Elementalist on May 20, 2018.
             Blown up by Ijyb (22 damage)
             ... with a wand of disintegration (5)
             ... on level 4 of the Dungeon.
             The game lasted 00:14:20 (2395 turns).

dleb1993 the Magician (Mummy Fire Elementalist)     Turns: 2395, Time: 00:14:20

Health: -15/36     AC:  7    Str: 12    XL:     5   Next: 19%
Magic:  0/10       EV: 12    Int: 15    God:
Gold:   51         SH:  0    Dex: 12    Spells: 2/11 levels left

rFire    . . .     SeeInvis .   d - -3 hunting sling (curse)
rCold    + . .     Gourm    .   (no shield)
rNeg     + + +     Faith    .   s - +0 leather armour
rPois    ∞         Spirit   .   (no helmet)
rElec    .         Reflect  .   o - +0 cloak
rCorr    .         Harm     .   i - +2 pair of gloves
MR       .....                  (no boots)
Stlth    ++........             (no amulet)
HPRegen  0.12/turn              g - ring of protection from fire (curse)
MPRegen  0.12/turn              (no ring)

@: very slightly contaminated
A: no food or potions, fire vulnerability, cold resistance 1, negative energy
resistance 3, torment resistance, unbreathing
a: no special abilities


You were on level 4 of the Dungeon.
You were not hungry.

You visited 1 branch of the dungeon, and saw 4 of its levels.

You collected 51 gold pieces.

Inventory:

Hand Weapons
 d - a cursed -3 hunting sling (weapon)
 k - a +1 dagger of speed
 m - a +0 hunting sling
 n - a +3 quarterstaff of chaos
 p - a cursed -3 falchion
 r - a +1 hand axe of electrocution
Missiles
 b - 37 arrows
 e - 122 stones (quivered)
 f - 42 sling bullets
 h - 5 tomahawks
Armour
 a - a +0 robe
 i - a +2 pair of gloves (worn)
 o - a +0 cloak (worn)
 s - a +0 leather armour (worn)
Jewellery
 g - a cursed ring of protection from fire (left hand)
 q - an uncursed ring of protection from fire
Scrolls
 c - a scroll of enchant armour
 j - a scroll of identify
 l - 2 scrolls of enchant weapon


   Skills:
 + Level 0.8 Fighting
 + Level 0.1 Short Blades
 + Level 1.4 Slings
 + Level 1.9 Dodging
 + Level 1.9 Stealth
 + Level 3.8 Spellcasting
 + Level 1.9 Conjurations
 + Level 3.1 Fire Magic


You had 2 spell levels left.
You knew the following spells:

 Your Spells              Type           Power        Failure   Level  Hunger
a - Flame Tongue          Conj/Fire      ##...        9%          1    N/A
b - Throw Flame           Conj/Fire      ##....       13%         2    N/A
c - Conjure Flame         Conj/Fire      ##......     26%         3    N/A
d - Inner Flame           Hex/Fire       #.......     36%         3    N/A

Your spell library contained the following spells:

 Spells                   Type           Power        Failure   Level  Hunger
 Fireball                 Conj/Fire      ##........   93%         5    N/A
 Sticky Flame             Conj/Fire      ##......     63%         4    N/A

Dungeon Overview and Level Annotations

Branches:
Dungeon (4/15)
 Temple: D:4-7

Altars:
Ashenzari

Shops:
D:4 !

Annotations:
D:3 feta's ghost, amateur GrFE
D:4 Ijyb


Innate Abilities, Weirdness & Mutations

You do not eat or drink.
Your flesh is vulnerable to fire.
You are immune to poison.
Your flesh is cold resistant. (rC+)
You are immune to negative energy. (rN+++)
You are immune to unholy pain and torment.
You can survive without breathing.


Message History

Firing (i - inventory. (/) - cycle)
e - 125 stones (quivered)
Press: ? - help, Shift-Dir - straight line, f/p - Ijyb
Aim: Ijyb, wearing a chain mail and carrying a wand of disintegration (5) (moderately wounded)
You shoot a stone. The stone hits Ijyb but does no damage.
Ijyb is moderately wounded.
Ijyb misses you.
Firing (i - inventory. (/) - cycle)
e - 124 stones (quivered)
Press: ? - help, Shift-Dir - straight line, f/p - Ijyb
Aim: Ijyb, wearing a chain mail and carrying a wand of disintegration (5) (moderately wounded)
You shoot a stone. The stone barely misses Ijyb.
Ijyb hits you but does no damage.
Firing (i - inventory. (/) - cycle)
e - 123 stones (quivered)
Press: ? - help, Shift-Dir - straight line, f/p - Ijyb
Aim: Ijyb, wearing a chain mail and carrying a wand of disintegration (5) (moderately wounded)
You shoot a stone. The stone hits Ijyb.
Ijyb is heavily wounded.
Ijyb screams, "Me stronger than you!"
Ijyb zaps a wand.
You are blasted!
Ouch! That really hurt!
You die...

# # .####
#####.#+#...#####
(.....g@'........
#####.#+#<#.##..
# #.# ..r ####.
.# #


You could see Ijyb.

Vanquished Creatures
  Crazy Yiuf (D:2)
  A worker ant (D:3)
  3 gnolls (D:2)
  An adder (D:2)
  A worm (D:2)
  2 dart slugs (D:3)
  4 leopard geckos
  4 orcs
  2 giant cockroaches
  5 goblins
  8 hobgoblins
  A quokka (D:2)
  6 bats
  4 frilled lizards (D:2)
  8 kobolds
  5 rats
56 creatures vanquished.

Notes
Turn   | Place    | Note
-------+----------+-------------------------------------------
     0 | D:1      | dleb1993 the Mummy Fire Elementalist began the quest for the Orb.
     0 | D:1      | Reached XP level 1. HP: 13/13 MP: 4/4
   179 | D:1      | Reached skill level 1 in Conjurations
   272 | D:1      | Reached XP level 2. HP: 19/19 MP: 6/6
   276 | D:1      | Learned a level 2 spell: Throw Flame
   955 | D:2      | Found a shattered altar of Ashenzari.
  1171 | D:2      | Reached XP level 3. HP: 21/24 MP: 0/7
  1449 | D:2      | Found a runed door.
  1455 | D:2      | Learned a level 3 spell: Conjure Flame
  1457 | D:2      | Noticed Crazy Yiuf
  1491 | D:2      | Killed Crazy Yiuf
  1491 | D:2      | Reached XP level 4. HP: 31/31 MP: 1/9
  1496 | D:2      | Learned a level 3 spell: Inner Flame
  1640 | D:3      | Reached skill level 1 in Slings
  1664 | D:3      | Noticed feta's ghost (amateur GrFE)
  1973 | D:2      | Reached XP level 5. HP: 20/36 MP: 1/10
  2368 | D:4      | Found Wuevairr's Distillery.
  2371 | D:4      | Noticed Ijyb
  2395 | D:4      | Blown up by Ijyb

Vault maps used:
D:1:      lightli_arrival_farm, minmay_hexomino_f4
D:2:      ashenzari_conservatory_becter, uniq_crazy_yiuf_cottage
D:3:      first_ration
D:4:      good_gods_temple_1, cheibrodos_sewer_entry_sluice, serial_shops,
          shop_fountains, shop, kennysheep_mini, uniq_menkaure, uniq_ijyb,
          uniq_eustachio, uniq_duvessa

Skill      XL: |  1  2  3  4 |
---------------+-------------+-----
Spellcasting   | 3 |  3.8
Conjurations   | 1 |  1.9
Fire Magic     | 3 |  3.1
Slings         | 1 |  1.4
Fighting       | |  0.8
Short Blades   | |  0.1
Dodging        | |  1.9
Stealth        | |  1.9

Action                   |  1- 3 |  4- 6 || total
-------------------------+-------+-------++-------
Melee: Dagger            |    29 |       ||    29
 Fire: Hunting sling     |    22 |    48 ||    70
 Cast: Flame Tongue      |    32 |    64 ||    96
       Throw Flame       |    20 |     3 ||    23
       Conjure Flame     |     2 |     1 ||     3
  Use: Scroll            |     2 |       ||     2
 Stab: Sleeping          |     2 |       ||     2
Armor: Robe              |     5 |     6 ||    11
       Leather armour    |       |     5 ||     5
Dodge: Dodged            |    27 |    47 ||    74

Table legend:
 A = Spawn XP
 B = Non-spawn XP
 C = Spawn XP percentage of total XP
 D = Spawn monster count
 E = Non-spawn monster count
 F = Spawn count percentage of total count
 G = Total turns spent on level
                    A         B        C        D         E        F      G
               +---------+---------+-------+---------+---------+-------+---------
         Total |       0 |     232 |   0.0 |       0 |      56 |   0.0 |  2395
               +---------+---------+-------+---------+---------+-------+---------
           D:1 |       0 |      20 |   0.0 |       0 |      12 |   0.0 |   912
           D:2 |       0 |     156 |   0.0 |       0 |      35 |   0.0 |  1289
           D:3 |       0 |      53 |   0.0 |       0 |       8 |   0.0 |   166
           D:4 |       0 |       3 |   0.0 |       0 |       1 |   0.0 |    28
               +---------+---------+-------+---------+---------+-------+---------
